 Dungeon Crawl Stone Soup version 0.31.0-1-g2c135a008e (webtiles) character file.

Game seed: 9638916107773944144

62 qw the Shooter (level 4, -12/35 HPs)
             Began as a Djinni Hunter on Jan 23, 2024.
             Killed from afar by Ijyb (22 damage)
             ... with a bolt of acid
             ... on level 3 of the Dungeon.
             The game lasted 00:00:05 (1403 turns).

qw the Shooter (Djinni Hunter)                      Turns: 1403, Time: 00:00:05

Health: -12/35     AC:  5    Str: 10    XL:     4   Next: 28%
Gold:   90         EV: 11    Int: 10    God:
                   SH:  0    Dex: 19

rFire   + . .        a - +1 shortbow
rCold   . . .        (shield currently unavailable)
rNeg    . . .        i - +0 ring mail
rPois   inf          (no helmet)
rElec   .            (no cloak)
rCorr   .            (no gloves)
SInv    .            (boots unavailable)
Will    .....        (no amulet)
Stlth   +            j - ring of ice
HPRegen 0.25/turn    (no ring)
MPRegen 0.00/turn

%: infuse magic (-13 HP)
@: flying
A: sickness immunity, fire resistance 2, cold vulnerability 1, float, innate
caster, HP casting, extra vitality 1
a: no special abilities


You were on level 3 of the Dungeon.
You visited 1 branch of the dungeon, and saw 3 of its levels.

You collected 90 gold pieces.


Innate Abilities, Weirdness & Mutations

You are immune to sickness and miasma.
You are immune to poison.
Your flesh is very heat resistant. (rF++)
You are vulnerable to cold. (rC-)
You float through the air rather than walking.
You learn spells naturally, not from books.
Your magical power is your life essence.
You have superior vitality. (+4 MHP)


   Skills:
 - Level 3.0 Fighting
 + Level 4.0 Ranged Weapons
 - Level 1.0 Armour
 - Level 2.1 Dodging
 - Level 0.7 Stealth


You knew the following spells:

 Your Spells              Type           Power      Damage    Failure   Level
a - Apportation           Tloc           0%         N/A       67%         1
Your spell library was empty.

Inventory:

Hand Weapons
 a - a +1 shortbow (weapon)
Armour
 i - a +0 ring mail (worn)
Jewellery
 j - a ring of ice (left hand)
Scrolls
 b - a scroll of enchant armour
 c - 2 scrolls of teleportation
Potions
 d - a potion of curing {unknown}
 e - a potion of attraction {unknown}
 f - a potion of brilliance {unknown}
 g - a potion of heal wounds
 k - a potion of enlightenment {unknown}
 m - a potion of degeneration {unknown}

Dungeon Overview and Level Annotations

Branches:
Dungeon (3/15)

Altars:
Ashenzari

Annotations:
D:3 Ijyb


Message History

Enter note: You shoot an arrow.
The arrow hits the hobgoblin but does no damage.
You shoot an arrow. The arrow hits the hobgoblin!
You kill the hobgoblin!
You flicker for a moment.
You flicker back into view.
You hear the slow rusting of a very distant drain.
You reach down and open the door.
An adder comes into view.
Found a scroll labelled IPNELU NOJO.
You shoot an arrow. The arrow hits the adder!
The adder is severely wounded.
Ijyb the Twisted Goblin comes into view.
She is wielding a +3 dagger of venom and carrying a wand of acid.
Ijyb shouts!
Ijyb screams, "You nasty!
Big nasty!"
There is an open door here.
You shoot an arrow. The arrow hits the adder.
You kill the adder!
Your Fighting skill increases to level 3!
You shoot an arrow. The arrow barely misses Ijyb.
Ijyb screams, "Me stronger than you!"
You shoot an arrow. The arrow hits Ijyb.
Ijyb is lightly wounded.
Ijyb zaps a wand.
The bolt of acid hits you!!
Ouch! That really hurt!
You shoot an arrow. The arrow hits Ijyb.
Ijyb is moderately wounded.
You shoot an arrow. The arrow closely misses Ijyb.
Ijyb hits you with a +3 dagger of venom.
You shoot an arrow. The arrow hits Ijyb.
Ijyb is moderately wounded.
Ijyb closely misses you.
You shoot an arrow. The arrow hits Ijyb but does no damage.
Ijyb is moderately wounded.
Ijyb hits you with a +3 dagger of venom!
You shoot an arrow. The arrow completely misses Ijyb.
Ijyb zaps a wand.
The bolt of acid hits you!!
Ouch! That really hurt!
You die...

... ... ....
..... ##.....
.......
###g..?...
#.@.......
#.#......#
#.#......'
#.#......##.####
#.####......#>..
#.# ....#.#.##
#.# ..........
#.# #.#+#...#.#
#.###.#.....#.#


You could see Ijyb.

Vanquished Creatures
  An adder (D:3)
  3 dart slugs (D:1)
  4 ball pythons
  6 endoplasms
  A giant cockroach (D:2)
  8 hobgoblins
  2 jackals (D:1)
  A quokka (D:2)
  3 bats
  2 frilled lizards (D:2)
  4 goblins
  2 kobolds
  7 rats
44 creatures vanquished.

Notes
Turn   | Place    | Note
-------+----------+-------------------------------------------
     0 | D:1      | qw the Djinni Hunter began the quest for the Orb.
     0 | D:1      | Reached XP level 1. HP: 18/18 MP: 0/0
     0 | D:1      | 0 ||| qw: Version: 0.3-a-136-gdd3b4e8
     0 | D:1      | 0 ||| qw: Game counter: 1071
     0 | D:1      | 0 ||| qw: Melee chars always use a shield: true
     0 | D:1      | 0 ||| qw: God list: Okawaru
     0 | D:1      | 0 ||| qw: Allow faded altars: false
     0 | D:1      | 0 ||| qw: Do Orc after clearing Dungeon:15 true
     0 | D:1      | 0 ||| qw: Do second Lair branch before Depths: true
     0 | D:1      | 0 ||| qw: Lair rune preference: random
     0 | D:1      | 0 ||| qw: Goals: Normal
     0 | D:1      | 0 ||| PLANNING D:1-11
   143 | D:1      | Reached XP level 2. HP: 23/23 MP: 0/0
   262 | D:1      | Reached skill level 4 in Ranged Weapons
   262 | D:1      | Reached XP level 3. HP: 20/28 MP: 0/0
   262 | D:1      | Learned a level 1 spell: Apportation
   591 | D:1      | 591 ||| UPGRADING to +0 ring mail.
   601 | D:1      | 601 ||| DROPPING +0 leather armour.
   602 | D:1      | 602 ||| READING scroll labelled DARIATHROUM.
   656 | D:1      | 656 ||| READING scroll labelled JUDAROPSAC.
   656 | D:1      | 656 ||| ENCHANTING +0 shortbow.
   657 | D:1      | 657 ||| READING scroll labelled MESIBEECYUVU.
   662 | D:1      | 662 ||| READING scroll labelled ZARPHETWIXUTS.
   662 | D:1      | 662 ||| ENCHANTING +1 shortbow.
   663 | D:1      | 663 ||| DROPPING scroll of butterflies.
   865 | D:2      | Reached skill level 1 in Armour
  1128 | D:2      | Reached XP level 4. HP: 34/34 MP: 0/0
  1281 | D:2      | 1281 ||| READING scroll labelled LUG OLACLARICS.
  1282 | D:2      | 1282 ||| DRINKING 2 white potions.
  1291 | D:3      | 1291 ||| PLANNING SEWER
  1303 | D:3      | Found a broken altar of Ashenzari.
  1312 | D:3      | 1312 ||| UPGRADING to ring of ice.
  1365 | D:3      | 1365 ||| READING scroll labelled ISHEUT MEOJ.
  1366 | D:3      | 1366 ||| DRINKING 2 yellow potions.
  1367 | D:3      | 1367 ||| DROPPING potion of invisibility.
  1395 | D:3      | Noticed Ijyb
  1397 | D:3      | Reached skill level 3 in Fighting
  1403 | D:3      | Killed from afar by Ijyb

Levels and vault maps discovered:
D:1:      zelgadis_glass_arrival_small, layout_loops_ring
D:2:      layout_rooms, serial_forest, infiniplex_forest_end_double,
          infiniplex_forest_straight_5, infiniplex_forest_zigzag_1,
          infiniplex_forest_lined_room_2, infiniplex_forest_end_2,
          infiniplex_forest_lined_2, infiniplex_forest_clump_medium,
          infiniplex_forest_end_1, infiniplex_forest_end_1
D:3:      layout_basic, mainiacjoe_overflow_chevrons, gup_sewer_entry_bubbles,
          uniq_ijyb

Skill      XL: |  1  2  3  4 |
---------------+-------------+-----
Ranged Weapons | 4 |  4.0
Armour         | 1 |  1.0
Fighting       | 3 |  3.0
Dodging        | |  2.1
Stealth        | |  0.7

Action                     |  1- 3 |  4- 6 || total
---------------------------+-------+-------++-------
   Fire: Shortbow          |   109 |    19 ||   128
    Use: Scroll            |     4 |     2 ||     6
         Potion            |       |     2 ||     2
 Armour: Leather armour    |     9 |       ||     9
         Ring mail         |     8 |     5 ||    13
  Dodge: Dodged            |    27 |     1 ||    28

Table legend:
 A = Non-vault XP
 B = Vault XP
 C = Vault XP percentage of total XP
 D = Non-vault monster count
 E = Vault monster count
 F = Vault count percentage of total count
                 A         B        C        D         E       F
            +---------+---------+-------+---------+---------+-------
      Total |      89 |       0 |   0.0 |      44 |       0 |   0.0
            +---------+---------+-------+---------+---------+-------
        D:1 |      41 |       0 |   0.0 |      21 |       0 |   0.0
        D:2 |      31 |       0 |   0.0 |      20 |       0 |   0.0
        D:3 |      17 |       0 |   0.0 |       3 |       0 |   0.0
            +---------+---------+-------+---------+---------+-------
